 Dungeon Crawl Stone Soup version 0.18-a0-1730-g73f0523 (webtiles) character file.

95347 vev the Shatterer (level 16, -2/170 HPs)
             Began as an Ogre Arcane Marksman on Apr 10, 2016.
             Was the Champion of the Shining One.
             Killed by divine providence
             ... invoked by Norris
              (17 damage)
             ... on level 13 of the Dungeon.
             The game lasted 02:45:00 (38756 turns).

vev the Shatterer (Ogre Arcane Marksman)           Turns: 38756, Time: 02:45:01

Health: -2/170     AC: 11    Str: 25      XL:     16   Next: 13%
Magic:  23/23      EV: 15    Int:  9 (12) God:    the Shining One [******]
Gold:   1040       SH:  0    Dex: 14      Spells: 6 memorised, 4 levels left

rFire  + . .     SeeInvis .     a - +1 giant spiked club (freeze)
rCold  . . .     Gourm    .     I - +2 troll leather armour
rNeg   + + +     Faith    .     (shield currently unavailable)
rPois  .         Spirit   .     U - +2 hat
rElec  .         Dismiss  .     w - +0 cloak
rCorr  .         Reflect  .     (gloves unavailable)
SustAt .         Harm     .     (boots unavailable)
MR     ++...                    J - amulet of magic regeneration
Stlth  +.........               L - ring of protection from magic
                                n - ring of protection from fire

@: mighty, very slightly contaminated, glowing, very resistant to hostile
enchantments, very unstealthy
A: unfitting armour, tough skin 1
a: Divine Shield, Cleansing Flame, Summon Divine Warrior, Renounce Religion


You were on level 13 of the Dungeon.
You worshipped the Shining One.
The Shining One was exalted by your worship.
You were not hungry.

You visited 4 branches of the dungeon, and saw 24 of its levels.
You visited 1 bazaar.

You collected 1975 gold pieces.
You spent 935 gold pieces at shops.

Inventory:

Hand Weapons
 a - a +1 giant spiked club of freezing (weapon)
 b - a +2 giant spiked club of holy wrath
Missiles
 z - 3 large rocks (quivered)
 E - 6 javelins
Armour
 w - a +0 cloak (worn)
 I - a +2 troll leather armour (worn)
 U - a +2 hat (worn)
Rods
 P - a +4 lightning rod (14/14)
   (You found it on level 8 of the Lair of Beasts)
Jewellery
 n - a ring of protection from fire (left hand)
 q - an uncursed ring of resist corrosion
 t - an uncursed amulet of faith {unknown}
 G - a +3 ring of dexterity
 J - an amulet of magic regeneration (around neck)
 L - a ring of protection from magic (right hand)
 O - an uncursed ring of ice
 S - an uncursed ring of sustain attributes
Wands
 d - a wand of teleportation (5/9)
 s - a wand of heal wounds (3/9)
 u - a wand of disintegration (8/24)
 A - a wand of acid (5/15)
 B - a wand of acid (3/15)
 D - a wand of digging (13/24)
 W - a wand of flame (13/48)
Scrolls
 h - 8 scrolls of remove curse
 i - a scroll of random uselessness {unknown}
 j - a scroll of teleportation
 k - 2 scrolls of magic mapping
 m - a scroll of vulnerability {unknown}
 p - 4 scrolls of amnesia
 x - 2 scrolls of recharging
 y - 2 scrolls of fog
 Q - a scroll of torment {unknown}
 X - a scroll of silence {unknown}
 Y - a scroll of blinking
Potions
 c - 5 potions of curing
 e - a potion of magic
 g - 3 potions of degeneration {unknown}
 l - 8 potions of flight
 F - a potion of might
 H - a potion of ambrosia
 K - 2 potions of cancellation
 M - a potion of resistance
 N - 2 potions of haste
 T - a potion of heal wounds
 V - 3 potions of brilliance
 Z - a potion of berserk rage
Comestibles
 f - 11 bread rations
 o - 3 meat rations
 r - 18 royal jellies
 v - 9 fruits
 C - 2 chunks of flesh
 R - 3 beef jerkies


   Skills:
 + Level 13.6 Fighting
 * Level 21.0 Maces & Flails
 + Level 8.3 Throwing
 + Level 5.0 Armour
 + Level 10.1 Dodging
 - Level 1.2 Spellcasting
 - Level 2.1 Hexes
 - Level 9.7 Invocations
 - Level 8.2 Evocations


You had 4 spell levels left.
You knew the following spells:

 Your Spells              Type           Power        Failure   Level  Hunger
a - Corona                Hex            #......      21%         1    ##.....
d - Tukima's Dance        Hex            #.......     63%         3    ####...
e - Slow                  Hex            #.......     30%         2    ###....
i - Summon Butterflies    Summ           #.......     45%         1    ##.....
x - Silence               Hex/Air        #.........   100%        5    ######.
z - Apportation           Tloc           #.........   45%         1    ##.....


Dungeon Overview and Level Annotations

Branches:
Dungeon (14/15) Temple (1/1) D:4 Lair (8/8) D:11 Shoals (0/4) Lair:4 Snake (0/4) Lair:6 Slime (0/6) Lair:8 Orc (1/2) D:9 Vaults (0/5) D:13 D:14

Altars:
Ashenzari
Cheibriados
Dithmenos
Elyvilon
Fedhas
Gozag
Kikubaaqudgha
Makhleb
Nemelex Xobeh
Okawaru
Pakellas
Qazlal
Ru
Sif Muna
Trog
Vehumet
Xom
Yredelemnul
Zin
The Shining One
Beogh

Shops:
D:6 *   D:7 (   Orc:1 [

Portals:
Hell: Lair:8

Annotations:
D:3 andalon's ghost, amateur MiBe
D:6 queen my ass
D:13 Norris
D:14 Donald
Lair:6 2 exclusions
Lair:8 exclusion: ice statue


Innate Abilities, Weirdness & Mutations

You are too large for most types of armour.
You have tough skin (AC +1).


Message History

Unknown command.
Throwing (i - inventory. (,) - cycle):
z - 6 large rocks (quivered)
Press: ? - help, Shift-Dir - straight line, f - Norris
Aim: Norris, wielding a dagger of electrocution and wearing a buckler (almost dead, slightly transparent, haloed)
You throw a large rock.
Norris blocks the large rock.
Norris murmurs, "Personally, I think you are better off dead."
Throwing (i - inventory. (,) - cycle):
z - 5 large rocks (quivered)
Press: ? - help, Shift-Dir - straight line, f/p - Norris
Aim: Norris, wielding a dagger of electrocution and wearing a buckler (almost dead, slightly transparent, haloed)
You throw a large rock.
Norris blocks the large rock.
Norris mumbles some strange prayers to his god against you.
You easily resist.
Throwing (i - inventory. (,) - cycle):
z - 4 large rocks (quivered)
Press: ? - help, Shift-Dir - straight line, f/p - Norris
Aim: Norris, wielding a dagger of electrocution and wearing a buckler (almost dead, slightly transparent, haloed)
You throw a large rock. The large rock hits Norris!!
Norris is almost dead.
Norris calls down the wrath of his god upon you.
Something smites you!
You die...

...##.........#.......##.....#...
..............#...>รท..########...
..............#........# #...
..............#...(<...# #...
...####..#.##....@###### #...
...#....########.......# ####
####....# #.......# #....#
#.......# #....# #@......# #....#
#.......# ###### #########


You could see Norris (invisible).

Vanquished Creatures
  The ghost of Chiseanne the Fighter, a journeyman TrMo of Kikubaaqudgha (D:12)
  Josephine (Lair:6)
  12 hydras
  Fannar (Lair:2)
  9 death yaks
  A centaur warrior (D:14)
  Urug (D:11)
  Nergalle (D:11)
  Sonja (Lair:4)
  3 skeletal warriors (D:12)
  The ghost of Avack the Martial Artist, a novice MfTm of Fedhas (D:7)
  5 hill giants
  A deep elf archer (D:13)
  A wizard (Lair:8)
  4 ugly things
  7 griffons
  3 centaur zombies
  3 manticores
  A cyclops (D:12)
  A sixfirhy (Lair:8)
  23 elephants
  5 black mambas
  A smoke demon (Lair:8)
  2 torpor snails (Lair:7)
  2 gargoyles
  An orange demon (Lair:8)
  6 rime drakes
  17 spiny frogs
  12 komodo dragons
  4 ice devils (Lair:8)
  A hellwing (Lair:8)
  5 red devils (Lair:8)
  A queen bee (D:13)
  6 polar bears
  2 trolls
  3 two-headed ogres
  2 slime creatures (Lair:8)
  A snapping turtle (Lair:4)
  13 blink frogs
  A shadow (D:13)
  A spriggan (Lair:5)
  4 wraiths
  4 wyverns
  62 yaks
  Grum (D:11)
  4 hungry ghosts
  10 humans
  3 steam dragons
  3 basilisks
  7 vampire mosquitoes
  15 hippogriffs
  Edmund (D:6)
  3 nagas (Lair:6)
  21 soldier ants
  A mottled dragon (D:11)
  14 water moccasins
  5 porcupines
  12 ice beasts
  11 orc warriors
  A wasp (D:10)
  2 black bears (D:8)
  A sky beast (D:12)
  An eye of draining (D:12)
  2 necrophages
  8 ogres
  3 phantoms
  20 wolves
  12 centaurs
  22 crocodiles
  2 big kobolds
  Blork the orc (D:9)
  22 giant frogs
  A wyvern skeleton (D:9)
  5 scorpions
  17 killer bees (D:13)
  6 wights
  2 howler monkeys
  4 crimson imps
  2 quasits
  2 giant frog zombies (D:5)
  7 jellies
  3 hounds
  A wasp zombie (D:6)
  A giant frog skeleton (D:12)
  5 orc priests
  7 centaur skeletons
  11 iguanas
  27 worker ants
  16 orc wizards
  14 sheep
  2 hound skeletons
  A worker ant zombie (D:6)
  A howler monkey skeleton (D:5)
  82 river rats
  6 adders
  2 shadow imps
  7 oozes
  An adder zombie (D:9)
  An adder skeleton (D:8)
  7 worms
  A dart slug (D:2)
  6 giant geckos
  79 orcs
  3 ball pythons
  9 giant cockroaches
  6 hobgoblins
  17 jackals
  4 quokkas
  A ball python skeleton (D:5)
  9 bats
  A giant cockroach zombie (D:5)
  9 giant newts
  6 goblins
  A jackal zombie (D:5)
  9 kobolds
  A quokka skeleton (D:4)
  8 rats
856 creatures vanquished.

Vanquished Creatures (others)
  23 fungi
  10 plants
33 creatures vanquished.

Grand Total: 889 creatures vanquished

Notes
Turn   | Place    | Note
--------------------------------------------------------------
     0 | D:1      | vev the Ogre Arcane Marksman began the quest for the Orb.
     0 | D:1      | Reached XP level 1. HP: 19/19 MP: 2/2
   397 | D:1      | Reached XP level 2. HP: 8/29 MP: 3/3
   986 | D:1      | Reached skill level 1 in Maces & Flails
   986 | D:1      | Reached XP level 3. HP: 31/37 MP: 4/4
  1401 | D:1      | Reached skill level 2 in Maces & Flails
  1903 | D:2      | Found a blossoming altar of Fedhas.
  1926 | D:2      | Reached XP level 4. HP: 46/48 MP: 3/5
  2350 | D:3      | Reached skill level 3 in Maces & Flails
  2719 | D:3      | Found a sparkling altar of Nemelex Xobeh.
  2729 | D:3      | Noticed andalon's ghost (amateur MiBe)
  2812 | D:2      | Reached XP level 5. HP: 48/55 MP: 6/6
  3073 | D:4      | Found a staircase to the Ecumenical Temple.
  3102 | D:4      | Reached skill level 4 in Maces & Flails
  3608 | D:4      | Reached skill level 5 in Fighting
  3624 | Temple   | Entered the Ecumenical Temple
  3749 | Temple   | Became a worshipper of the Shining One
  4065 | D:4      | Found a sparkling altar of Nemelex Xobeh.
  4173 | D:4      | Reached skill level 5 in Maces & Flails
  4173 | D:4      | Reached XP level 6. HP: 62/66 MP: 7/7
  4524 | D:4      | Reached skill level 6 in Maces & Flails
  5036 | D:4      | Gained mutation: Your body sometimes deteriorates upon taking damage. [potion of mutation]
  5036 | D:4      | Gained mutation: You occasionally shout uncontrollably at your foes. [potion of mutation]
  5036 | D:4      | Lost mutation: Your body sometimes deteriorates upon taking damage. [potion of mutation]
  5037 | D:4      | Lost mutation: You occasionally shout uncontrollably at your foes. [potion of cure mutation]
  5111 | D:4      | Reached XP level 7. HP: 47/74 MP: 8/8
  5387 | D:5      | Entered Level 5 of the Dungeon
  5399 | D:5      | Reached skill level 7 in Maces & Flails
  5626 | D:5      | Reached * piety under the Shining One
  6394 | D:5      | Reached skill level 8 in Maces & Flails
  6570 | D:5      | Reached XP level 8. HP: 60/84 MP: 9/9
  6938 | D:6      | Found Niesyhit's General Store.
  6946 | D:6      | Bought a potion of curing for 33 gold pieces
  7128 | D:6      | Noticed Edmund
  7175 | D:6      | HP: 4/87 [Edmund/flail of draining (11)]
  7177 | D:6      | Killed Edmund
  7177 | D:6      | Reached skill level 9 in Maces & Flails
  7707 | D:6      | Reached ** piety under the Shining One
  7998 | D:6      | Reached skill level 10 in Maces & Flails
  8023 | D:6      | Noticed Blork the orc
  8386 | D:6      | Reached XP level 9. HP: 38/96 MP: 10/10
  8853 | D:7      | Noticed Avack's ghost (novice MfTm)
  8869 | D:7      | Killed Avack's ghost
  8869 | D:7      | Reached skill level 11 in Maces & Flails
  9030 | D:7      | Reached skill level 5 in Dodging
  9775 | D:7      | Reached skill level 12 in Maces & Flails
 10021 | D:7      | Found Lecwouz's Weapon Shop.
 10275 | D:7      | Found a radiant altar of Vehumet.
 10576 | D:8      | Reached XP level 10. HP: 93/110 MP: 11/11
 10935 | D:8      | Reached skill level 10 in Fighting
 10997 | D:8      | Reached skill level 13 in Maces & Flails
 11755 | D:8      | Reached *** piety under the Shining One
 14557 | D:8      | Reached skill level 14 in Maces & Flails
 14883 | D:8      | Noticed a queen ant
 15640 | D:9      | Found a white marble altar of Elyvilon.
 16317 | D:9      | Found a roughly hewn altar of Beogh.
 16667 | D:9      | Found a staircase to the Orcish Mines.
 16709 | D:9      | Reached XP level 11. HP: 120/120 MP: 12/12
 16802 | D:9      | Found a snail-covered altar of Cheibriados.
 16818 | D:9      | Killed Blork the orc
 17178 | D:10     | Entered Level 10 of the Dungeon
 17733 | D:10     | Found a shimmering altar of Xom.
 17761 | D:10     | Reached **** piety under the Shining One
 18018 | D:11     | Noticed Grum
 18023 | D:10     | Reached skill level 15 in Maces & Flails
 18369 | D:11     | Found a staircase to the Lair.
 18378 | Lair:1   | Entered Level 1 of the Lair of Beasts
 18727 | D:11     | Noticed Nergalle
 20291 | D:8      | Reached skill level 1 in Invocations
 20684 | D:11     | Killed Nergalle
 20698 | D:11     | Noticed a purple ugly thing
 20702 | D:11     | Noticed Urug
 20716 | D:10     | Killed a purple ugly thing
 20716 | D:10     | Reached skill level 16 in Maces & Flails
 20850 | D:11     | Killed Grum
 21449 | Lair:1   | Reached XP level 12. HP: 100/132 MP: 14/14
 22178 | Lair:1   | Learned a level 5 spell: Silence
 22239 | Lair:2   | Reached ***** piety under the Shining One
 22250 | Lair:1   | Reached skill level 1 in Evocations
 23208 | D:12     | Noticed Chiseanne's ghost (journeyman TrMo)
 23436 | D:12     | Killed Chiseanne's ghost
 23436 | D:12     | Reached skill level 17 in Maces & Flails
 23765 | D:12     | Reached skill level 5 in Invocations
 23919 | D:13     | Found a flickering gateway to a bazaar.
 23924 | Bazaar   | Entered a bazaar
 23925 | Bazaar   | Found Dentep's Weapon Shoppe.
 23927 | Bazaar   | Found Sipsiso's Assorted Antiques.
 23959 | Bazaar   | Found Iruar's Book Emporium.
 23968 | Bazaar   | Found Qirivvic's Weapon Boutique.
 24013 | Bazaar   | Bought a scroll labeled AFATHEY IDGHISI for 27 gold pieces
 24013 | Bazaar   | Bought a scroll of blinking for 202 gold pieces
 24013 | Bazaar   | Bought a scroll of enchant armour for 202 gold pieces
 24013 | Bazaar   | Bought a potion of curing for 81 gold pieces
 25485 | D:11     | Killed Urug
 26567 | D:12     | Reached XP level 13. HP: 123/140 MP: 17/17
 26742 | D:12     | Reached skill level 18 in Maces & Flails
 26843 | D:12     | The Shining One protects you from harm!
 27736 | D:12     | Reached skill level 5 in Throwing
 28310 | Orc:1    | Entered Level 1 of the Orcish Mines
 28310 | Orc:1    | Found a roughly hewn altar of Beogh.
 28380 | Orc:1    | Found a bloodstained altar of Trog.
 28391 | Orc:1    | Found Wyseneamya's Antique Armour Emporium.
 28533 | Orc:1    | Bought a troll leather armour for 390 gold pieces
 28972 | Lair:2   | Noticed Fannar
 28982 | Lair:2   | Killed Fannar
 29092 | Lair:2   | Learned a level 2 spell: Slow
 29474 | Lair:2   | Reached skill level 1 in Armour
 29714 | Lair:3   | Reached skill level 19 in Maces & Flails
 29939 | Lair:2   | Reached skill level 5 in Evocations
 30632 | Lair:4   | Reached XP level 14. HP: 147/149 MP: 20/20
 30793 | Lair:4   | Noticed Sonja
 31229 | Lair:4   | Killed Sonja
 31617 | Lair:4   | Found a staircase to the Shoals.
 31826 | Lair:5   | Learned a level 1 spell: Apportation
 31830 | Lair:5   | Learned a level 3 spell: Tukima's Dance
 31832 | Lair:5   | Learned a level 1 spell: Summon Butterflies
 32882 | Lair:6   | Reached ****** piety under the Shining One
 32906 | Lair:6   | Identified a +2 rod of clouds (11/11) (You found it on level 4 of the Lair of Beasts)
 32917 | Lair:6   | Identified a +2 giant spiked club of holy wrath (a +0 giant spiked club blessed by the Shining One)
 32917 | Lair:6   | Received a gift from the Shining One
 32925 | Lair:6   | Found a staircase to the Snake Pit.
 32955 | Lair:6   | Noticed Josephine
 32965 | Lair:6   | Killed Josephine
 34521 | Lair:7   | Reached XP level 15. HP: 103/158 MP: 22/22
 34974 | Lair:8   | Entered Level 8 of the Lair of Beasts
 35227 | Lair:8   | Reached skill level 20 in Maces & Flails
 36445 | Lair:8   | Found a staircase to the Slime Pits.
 36644 | Lair:8   | Found a burning altar of Makhleb.
 37101 | Lair:8   | Found a gateway to Hell.
 38232 | D:13     | Reached XP level 16. HP: 147/170 MP: 23/23
 38309 | D:13     | Reached skill level 10 in Dodging
 38374 | D:14     | Found a gate to the Vaults.
 38374 | D:14     | Noticed Donald
 38374 | D:14     | Noticed Norris
 38424 | D:14     | Reached skill level 21 in Maces & Flails
 38631 | D:13     | Reached skill level 5 in Armour
 38677 | D:14     | Paralysed by Norris for 5 turns
 38756 | D:13     | Killed from afar by Norris

Vault maps used:
D:1:      dpeg_arrival_oval, serial_glass, glass_columns_a, glass_columns_c,
          feat_on_display, due_unseen_surprise, minmay_stone_trees_small
D:2:      lemuel_crystal_altar
D:3:      first_bread, corner_web_ring, nemelex_spade_bored_becter
D:4:      nemelex_deck, minmay_temple_entry_statues_pillars
D:6:      serial_shops, shop, uniq_edmund, uniq_blork_the_orc
D:7:      serial_shops, kennysheep_mini_moat, basic_altar
D:8:      minivault_29
D:9:      marbit_many_paths, nicolae_overflow_crystal_walls
D:10:     basic_altar, hangedman_little_slice_of_home
D:11:     lair_0_dummy, uniq_nergalle, uniq_urug, uniq_grum
D:13:     serial_shops, bzr_entry_dummy, minivault_7
D:14:     david_vaults_3, okawaru_ov_weapons_minmay, kennysheep_cluttered_room,
          uniq_frances
Temple:   nicolae_temple_elliptical
Lair:1:   infiniplex_staircase_pool_2
Lair:2:   minivault_26, beast_lair_carwin_4, bh_autumn_forest_stairs,
          uniq_fannar
Lair:3:   disabler_island, lemuel_fruit_fields, grunt_megastairs_1
Lair:4:   minmay_shoals_entry_hut, uniq_sonja
Lair:5:   grunt_forest_large_clearing_hut, lemuel_fruit_tree
Lair:6:   guppyfry_snake_entry_island, infiniplex_staircase_pool, uniq_josephine
Lair:8:   evil_forest, minmay_slime_entry_pillars, serial_bayou_pond_a,
          ice2_lemuel
Orc:1:    basic_altar, serial_shops, shop, bloody_trog
Bazaar:   bazaar_jpeg_ribbon

Skill      XL: |  1  2  3  4  5  6  7  8  9 10 11 12 13 14 15 16 |
---------------+-------------------------------------------------+-----
Fighting       | 2 3 4 5 6 8 9 11 12 13 | 13.6
Maces & Flails | 1 2 3 5 6 8 10 12 14 16 17 19 20 21 | 21.0
Dodging        | 2 3 4 5 7 8 9 10 | 10.1
Invocations    | 3 6 8 9 |  9.7
Evocations     | 3 5 8 |  8.2
Throwing       | 4 5 6 8 |  8.3
Armour         | 2 3 4 5 |  5.0
Spellcasting   | |  1.2
Hexes          | |  2.1

Action                   |  1- 3 |  4- 6 |  7- 9 | 10-12 | 13-15 | 16-18 || total
-------------------------+-------+-------+-------+-------+-------+-------++-------
Melee: Unarmed           |    99 |       |       |       |       |       ||    99
       Club              |    39 |       |       |       |       |       ||    39
       Whip              |    38 |    12 |       |   698 |       |       ||   748
       Mace              |       |   152 |       |       |       |       ||   152
       Morningstar       |       |    58 |   251 |   264 |       |       ||   573
       Flail             |       |     2 |       |       |       |       ||     2
       Giant spiked club |       |       |       |    85 |  1099 |    75 ||  1259
Throw: Large rock        |    11 |     1 |    12 |    19 |    44 |     6 ||    93
       Throwing net      |     1 |       |     1 |       |       |       ||     2
       Javelin           |       |       |     8 |     1 |       |       ||     9
 Cast: Corona            |     7 |     6 |     5 |    13 |       |       ||    31
Invok: Divine Shield     |       |       |       |     2 |     1 |       ||     3
       Brand Weapon With |       |       |       |       |     1 |       ||     1
Evoke: Wand              |       |       |     2 |     2 |     3 |     1 ||     8
  Use: Scroll            |       |     6 |     5 |    19 |     8 |     1 ||    39
       Potion            |       |     4 |     1 |     5 |     1 |     1 ||    12
 Stab: Held in net/web   |     1 |       |       |       |       |       ||     1
  Eat: Chunk             |     4 |    10 |    10 |    34 |    36 |     4 ||    98
       Meat ration       |       |       |     2 |     2 |       |       ||     4
       Beef jerky        |       |       |       |     2 |       |       ||     2
       Bread ration      |       |       |       |     1 |       |       ||     1
       Pizza             |       |       |       |     1 |     1 |       ||     2
